 Dungeon Crawl Stone Soup version 0.30.1-3-gfc49f6343a (webtiles) character file.

Game seed: 10405422585550668884

166 FishyPogo the Chiller (level 5, -5/39 HPs)
             Began as a Draconian Ice Elementalist on Aug 4, 2023.
             Was a Follower of Qazlal.
             Slain by a river rat (7 damage)
             ... in a sewer.
             The game lasted 00:08:45 (1834 turns).

FishyPogo the Chiller (Draconian Ice Elementalist)  Turns: 1834, Time: 00:08:46

Health: -5/39      AC:  5    Str: 10    XL:     5   Next: 22%
Magic:  0/9        EV: 12    Int: 17    God:    Qazlal [*.....]
Gold:   136        SH:  1    Dex: 12    Spells: 3/10 levels left

rFire   + . .        c - staff of fire
rCold   . . .        (no shield)
rNeg    . . .        (body armour unavailable)
rPois   .            (helmet restricted)
rElec   .            (no cloak)
rCorr   .            (no gloves)
SInv    .            (no boots)
Will    .....        (no amulet)
Stlth   ++           (no ring)
HPRegen 0.26/turn    (no ring)
MPRegen 0.11/turn

%: no passive effects
@: no status effects
A: AC +5, unfitting armour, cold-blooded
a: Renounce Religion


You were in a sewer.
You worshipped Qazlal.
Qazlal was aware of your devotion.
You visited 1 branch of the dungeon, and saw 3 of its levels.
You also visited: Sewer.

You collected 136 gold pieces.

Inventory:

Hand Weapons
 j - a +2 vampiric trident
Missiles
 e - 20 stones
Magical Staves
 c - a staff of fire (weapon)
Scrolls
 b - 2 scrolls of identify
Potions
 a - a potion of magic
 d - a potion of lignification
 f - a potion of haste {unknown}
 g - a potion of attraction {unknown}
 i - a potion of might {unknown}


   Skills:
 + Level 0.4 Fighting
 + Level 1.4 Staves
 + Level 2.6 Dodging
 - Level 2.0 Stealth
 - Level 3.0 Spellcasting
 + Level 1.7 Summonings
 * Level 4.7 Ice Magic


You had 3 spell levels left.
You knew the following spells:

 Your Spells              Type           Power      Damage    Failure   Level
a - Freeze                Ice            72%        1d8       2%          1
b - Frozen Ramparts       Ice            36%        1d6       8%          3
k - Ozocubu's Armour      Ice            18%        N/A       8%          3

Your spell library contained the following spells:

 Spells                   Type           Power      Damage    Failure   Level
 Summon Ice Beast         Ice/Summ       13%        N/A       43%         4


Dungeon Overview and Level Annotations

Branches:
Dungeon (3/15)              Sewer (1/1)

Altars:
Qazlal

Shops:
D:2 (


Innate Abilities, Weirdness & Mutations

Your plain brown scales are hard. (AC +5)
You cannot fit into any form of body armour.
You are cold-blooded and may be slowed by cold attacks.


Message History

The river rat is moderately wounded.
The rat barely misses you. The river rat bites you.
* * * LOW HITPOINT WARNING * * *
The river rat bites you.
* * * LOW HITPOINT WARNING * * *
The rat barely misses you.
You feel better. The rat barely misses you. The river rat misses you.
You closely miss the river rat.
The river rat is moderately wounded.
The rat barely misses you. The river rat barely misses you.
You barely miss the river rat.
The river rat is moderately wounded.
The rat barely misses you. The river rat bites you.
* * * LOW HITPOINT WARNING * * *
Casting: Freeze (safe; 2% risk of failure)
Confirm with . or Enter, or press ? or * to list all spells.
Aiming: Freeze (safe; 2% risk of failure)
Press: ? - help, Shift-Dir - straight line, f - river rat
Aim: a river rat (moderately wounded)
You freeze the river rat.
The river rat is almost dead.
The rat closely misses you. The river rat completely misses you.
You closely miss the river rat.
The river rat is almost dead.
The rat bites you but does no damage. The river rat closely misses you.
You hit the river rat but do no damage.
The river rat is almost dead.
The river rat bites you but does no damage.
The rat bites you but does no damage.
You closely miss the river rat.
The river rat is almost dead.
The rat misses you. The river rat barely misses you.
You hit the river rat but do no damage.
The river rat is almost dead.
The rat bites you but does no damage. The river rat bites you.
* * * LOW HITPOINT WARNING * * *
You barely miss the river rat.
The river rat is almost dead.
The rat bites you but does no damage. The river rat bites you!
You die... ################ ......∩r@r....~~ ################

You could see a river rat and a rat.

Vanquished Creatures
  An orc priest (D:3)
  An orc wizard (D:3)
  3 adders (D:3)
  A river rat (Sewer)
  A worm (D:2)
  3 dart slugs (D:1)
  2 orcs (D:3)
  2 ball pythons
  An endoplasm (D:1)
  3 giant cockroaches
  5 goblins
  5 hobgoblins
  12 jackals
  3 quokkas
  6 bats
  4 frilled lizards
  6 kobolds
  3 rats
62 creatures vanquished.

Notes
Turn   | Place    | Note
-------+----------+-------------------------------------------
     0 | D:1      | FishyPogo the Draconian Ice Elementalist began the quest
                  | for the Orb.
     0 | D:1      | Reached XP level 1. HP: 14/14 MP: 3/3
   169 | D:1      | Reached XP level 2. HP: 20/20 MP: 0/5
   672 | D:1      | Reached XP level 3. HP: 23/26 MP: 1/6
   680 | D:1      | Learned a level 3 spell: Frozen Ramparts
   684 | D:1      | Learned a level 3 spell: Ozocubu's Armour
   782 | D:1      | Reached skill level 1 in Summonings
  1208 | D:2      | Found Caif's Weapon Shoppe.
  1572 | D:3      | Reached skill level 1 in Staves
  1572 | D:3      | Reached XP level 4. HP: 33/33 MP: 3/8
  1753 | D:3      | Found a faded altar of an unknown god.
  1757 | D:3      | Prayed at the altar of an unknown god.
  1757 | D:3      | Became a worshipper of Qazlal Stormbringer
  1757 | D:3      | Reached * piety under Qazlal
  1758 | D:3      | Found a glowing drain.
  1794 | D:3      | Reached XP level 5. HP: 18/38 MP: 0/9
  1812 | Sewer    | Entered a sewer
  1834 | Sewer    | Slain by a river rat

Illustrated notes

Levels and vault maps discovered:
D:1:      matt_arrival_grand_opening, layout_basic
D:2:      layout_rooms, serial_shops, shop
D:3:      layout_basic, mainiacjoe_overflow_boulevard,
          hellmonk_ecumenical_altar_heavens_door, serial_glass, glass_columns_c,
          glass_columns_b, feat_on_display, item_on_display_a,
          gup_sewer_entry_glass, minmay_snake_closets
Sewer:    sewer_kobolds

Skill      XL: |  1  2  3  4 |
---------------+-------------+-----
Stealth        | 2 |  2.0
Dodging        | 2 |  2.6
Summonings     | 1 |  1.7
Staves         | 1 |  1.4
Spellcasting   | 3 |  3.0
Fighting       | |  0.4
Ice Magic      | |  4.7

Action                     |  1- 3 |  4- 6 || total
---------------------------+-------+-------++-------
  Melee: Unarmed           |    18 |       ||    18
         Tailslap          |     7 |     2 ||     9
         Staff             |    52 |    32 ||    84
   Cast: Freeze            |    59 |    26 ||    85
    Use: Scroll            |     2 |     1 ||     3
         Potion            |       |     2 ||     2
   Stab: Sleeping          |     3 |       ||     3
 Armour: Skin              |    39 |    36 ||    75
  Dodge: Dodged            |    74 |    54 ||   128
  Block: Other             |       |     1 ||     1
